 Dungeon Crawl Stone Soup version 0.29-a0-330-g52719c12eb (webtiles) character file.

Game seed: 16276796206970671310

356 Crownlay the Chiller (level 6, -24/44 HPs)
             Began as a Gnoll Ice Elementalist on Apr 30, 2022.
             Was an Initiate of Vehumet.
             Killed from afar by Ijyb (33 damage)
             ... with a bolt of acid
             ... on level 4 of the Dungeon.
             The game lasted 00:04:03 (3558 turns).

Crownlay the Chiller (Gnoll Ice Elementalist)       Turns: 3558, Time: 00:04:04

Health: -24/44     AC: 10    Str:  7    XL:     6   Next: 63%
Magic:  8/14       EV: 13    Int: 20    God:    Vehumet [......]
Gold:   93         SH:  0    Dex: 13    Spells: 6/15 levels left

rFire   x . .      SeeInvis .   j - +2 falchion "Gyproa" {flame, rF- rC+ rN+ Int+4}
rCold   + . .      Faith    .   (no shield)
rNeg    + . .      Spirit   .   a - +0 robe
rPois   .          Reflect  .   (no helmet)
rElec   .          Harm     .   (no cloak)
rCorr   .          Rampage  .   r - +0 pair of gloves
Will    +....                   (no boots)
Stlth   +++.......              (no amulet)
HPRegen 0.14/turn               m - ring of willpower
MPRegen 0.14/turn               (no ring)

@: ice-armoured, freezing walls
A: fangs 1, strong nose, distributed training
a: Renounce Religion


You were on level 4 of the Dungeon.
You worshipped Vehumet.
Vehumet was noncommittal.
You visited 1 branch of the dungeon, and saw 4 of its levels.

You collected 93 gold pieces.

Inventory:

Hand Weapons
 i - a +2 dagger of venom
 j - the +2 falchion "Gyproa" (weapon) {flame, rF- rC+ rN+ Int+4}
   (You found it on level 2 of the Dungeon)

   It burns those it strikes, dealing additional fire damage.
   Big, fiery blades are also staple armaments of hydra-hunters.
   Int:       It affects your intelligence (+4).
   rF:        It makes you vulnerable to fire.
   rC:        It protects you from cold.
   rN:        It protects you from negative energy.
Missiles
 s - 4 boomerangs (quivered)
Armour
 a - a +0 robe (worn)
 r - a +0 pair of gloves (worn)
Jewellery
 m - a ring of willpower (left hand)
Wands
 p - a wand of flame (16)
Scrolls
 c - a scroll of silence {unknown}
 d - 5 scrolls of teleportation
 e - a scroll of identify {unknown}
 l - a scroll of enchant weapon {unknown}
 n - a scroll of vulnerability {unknown}
 o - a scroll of brand weapon {unknown}
 u - a scroll of immolation {unknown}
Potions
 b - a potion of magic
 f - 2 potions of haste {unknown}
 g - 4 potions of curing {unknown}
 h - 2 potions of cancellation {unknown}
 k - a potion of might {unknown}
 q - a potion of ambrosia {unknown}
 t - a potion of flight {unknown}


   Skills:
 + Level 2.0 Fighting
 + Level 2.0 Short Blades
 + Level 2.0 Long Blades
 + Level 2.0 Axes
 + Level 2.0 Maces & Flails
 + Level 2.0 Polearms
 + Level 2.0 Staves
 + Level 2.0 Slings
 + Level 2.0 Bows
 + Level 2.0 Crossbows
 + Level 2.0 Throwing
 + Level 2.0 Armour
 + Level 5.0 Dodging
 + Level 4.6 Stealth
 + Level 2.0 Shields
 + Level 2.0 Unarmed Combat
 + Level 5.4 Spellcasting
 + Level 1.6 Conjurations
 + Level 1.6 Hexes
 + Level 1.6 Summonings
 + Level 1.6 Necromancy
 + Level 1.6 Translocations
 + Level 1.6 Transmutations
 + Level 1.6 Fire Magic
 + Level 7.3 Ice Magic
 + Level 1.6 Air Magic
 + Level 1.6 Earth Magic
 + Level 1.6 Poison Magic
 + Level 2.2 Invocations
 + Level 2.0 Evocations


You had 6 spell levels left.
You knew the following spells:

 Your Spells              Type           Power      Damage    Failure   Level
a - Freeze                Ice            100%       1d11      1%          1
b - Frozen Ramparts       Ice            68%        1d8       1%          3
c - Ozocubu's Armour      Ice            34%        N/A       1%          3
d - Blink                 Tloc           22%        N/A       9%          2

Your spell library contained the following spells:

 Spells                   Type           Power      Damage    Failure   Level
 Dazzling Flash           Conj/Hex       22%        N/A       17%         3
 Lesser Beckoning         Tloc           11%        N/A       17%         3
 Portal Projectile        Hex/Tloc       22%        N/A       17%         3
 Hailstorm                Conj/Ice       23%        3d7       17%         4
 Agony                    Necr           11%        N/A       85%         5
 Manifold Assault         Tloc           11%        N/A       85%         5
 Silence                  Hex/Air        5%         N/A       85%         5
 Summon Forest            Summ/Tloc      5%         N/A       85%         5
 Ozocubu's Refrigeration  Ice            17%        4d8       99%         7
 Storm Form               Tmut/Air       5%         N/A       100%        7


Dungeon Overview and Level Annotations

Branches:
Dungeon (4/15)
 Temple: D:4-7

Altars:
Elyvilon
Makhleb
Vehumet

Annotations:
D:4 Ijyb


Innate Abilities, Weirdness & Mutations

You have very sharp teeth.
Your uncanny sense of smell can sniff out nearby items.
Your experience applies equally to all skills.


Message History

No target in view!
No target in view!
No target in view!
No target in view!
No target in view!
No target in view!
No target in view!
Things that are here:
a +0 giant club; an ogre corpse
f - 2 murky purple potions (gained 1)
h - 2 metallic ruby potions (gained 1)
Found a mace.
Ijyb the Twisted Goblin comes into view.
She is wielding a +0 club and carrying a wand of acid (6).
Found an escape hatch in the ceiling.
You throw a boomerang.
The boomerang hits Ijyb but does no damage.
Ijyb shouts!
You hear a shout!
Casting: Ozocubu's Armour (safe; 1% risk of failure)
Confirm with . or Enter, or press ? or * to list all spells.
Casting: Frozen Ramparts (safe; 1% risk of failure)
Press: ? - help, Dir - look around, f - activate The walls around you are covered in ice.
Ijyb zaps a wand.
The bolt of acid hits you!!
Ouch! That really hurt!
* * * LOW HITPOINT WARNING * * *
Casting: Frozen Ramparts (safe; 1% risk of failure)
Confirm with . or Enter, or press ? or * to list all spells.
A film of ice covers your body!
You are too injured to fight recklessly!
Hit: j) +2 falchion "Gyproa" {flame, rF- rC+ rN+ Int+4}
Press: ? - help, Dir - move target, f - you
Okay, then.
Throw: 4 boomerangs
Press: ? - help, Q - select action, (/) - cycle Shift-Dir - straight line, f - Ijyb
Aim: Ijyb, wielding a +0 club, wearing a +0 ring mail and carrying a wand of acid (5) (55% to hit)
You throw a boomerang.
The boomerang hits Ijyb but does no damage.
Ijyb zaps a wand.
The bolt of acid hits you!!
Ouch! That really hurt!
You die...

#######.......
.#######.....##....
..)...........##...
######..####......
##..## ###..).
###..## #.... ..###
##...## #....
<.....#..### ##...
#./..@## ##..
#..g.### ∆ .##
..... .. .... ...
.## ∆.... #.### #.


You could see Ijyb.

Vanquished Creatures
  An ogre (D:4)
  3 orc priests (D:3)
  10 adders
  4 dart slugs
  2 orcs (D:3)
  10 ball pythons
  8 endoplasms
  A giant cockroach (D:2)
  10 goblins
  5 hobgoblins
  4 quokkas
  10 bats
  6 frilled lizards
  6 kobolds
  4 rats
84 creatures vanquished.

Notes
Turn   | Place    | Note
-------+----------+-------------------------------------------
     0 | D:1      | Crownlay the Gnoll Ice Elementalist began the quest for the
                  | Orb.
     0 | D:1      | Reached XP level 1. HP: 13/13 MP: 6/6
   148 | D:1      | Reached XP level 2. HP: 19/19 MP: 7/7
   254 | D:1      | Found a faded altar of an unknown god.
   482 | D:1      | Reached XP level 3. HP: 25/25 MP: 7/9
   506 | D:1      | Reached skill level 5 in Spellcasting
   802 | D:1      | Learned a level 3 spell: Frozen Ramparts
   806 | D:1      | Learned a level 3 spell: Ozocubu's Armour
   809 | D:1      | Learned a level 2 spell: Blink
   925 | D:2      | Reached skill level 1 in Invocations
  1012 | D:2      | Reached skill level 1 in Fighting
  1012 | D:2      | Reached skill level 1 in Short Blades
  1012 | D:2      | Reached skill level 1 in Long Blades
  1012 | D:2      | Reached skill level 1 in Axes
  1012 | D:2      | Reached skill level 1 in Maces & Flails
  1012 | D:2      | Reached skill level 1 in Polearms
  1012 | D:2      | Reached skill level 1 in Staves
  1012 | D:2      | Reached skill level 1 in Slings
  1012 | D:2      | Reached skill level 1 in Bows
  1012 | D:2      | Reached skill level 1 in Crossbows
  1012 | D:2      | Reached skill level 1 in Throwing
  1012 | D:2      | Reached skill level 1 in Armour
  1012 | D:2      | Reached skill level 1 in Shields
  1012 | D:2      | Reached skill level 1 in Unarmed Combat
  1012 | D:2      | Reached skill level 1 in Evocations
  1044 | D:2      | Reached XP level 4. HP: 32/32 MP: 11/11
  1119 | D:2      | Reached skill level 1 in Conjurations
  1119 | D:2      | Reached skill level 1 in Hexes
  1119 | D:2      | Reached skill level 1 in Summonings
  1119 | D:2      | Reached skill level 1 in Necromancy
  1119 | D:2      | Reached skill level 1 in Translocations
  1119 | D:2      | Reached skill level 1 in Transmutations
  1119 | D:2      | Reached skill level 1 in Fire Magic
  1119 | D:2      | Reached skill level 1 in Air Magic
  1119 | D:2      | Reached skill level 1 in Earth Magic
  1119 | D:2      | Reached skill level 1 in Poison Magic
  1314 | D:2      | Reached XP level 5. HP: 37/37 MP: 12/12
  1499 | D:2      | Identified the +2 falchion "Gyproa" {flame, rF- rC+ rN+
                  | Int+4}
  1680 | D:2      | Found a radiant altar of Vehumet.
  1842 | D:2      | Became a worshipper of Vehumet
  1971 | D:2      | Got the Compendium of the Frostbite and Translocation
  2083 | D:3      | Found a radiant altar of Vehumet.
  2397 | D:3      | Found a white marble altar of Elyvilon.
  2426 | D:3      | Reached XP level 6. HP: 13/44 MP: 6/13
  2702 | D:3      | Found a burning altar of Makhleb.
  3530 | D:4      | Reached skill level 5 in Dodging
  3552 | D:4      | Noticed Ijyb
  3558 | D:4      | Killed from afar by Ijyb

Illustrated notes

Levels and vault maps discovered:
D:1:      nicolae_arrival_washed_ashore, layout_basic,
          hellmonk_ecumenical_altar_crossroads, nrook_campfire
D:2:      layout_rooms, basic_altar, minmay_snake_closets
D:3:      layout_loops_corners, vehumet_altar_wand_db, lightli_temple_of_fire,
          elyvilon_altar_1
D:4:      layout_rooms, minmay_fractal_squares_gapless_5, uniq_grinder,
          uniq_ijyb

Skill      XL: |  1  2  3  4  5  6 |
---------------+-------------------+-----
Spellcasting   | 5 |  5.4
Invocations    | 1 2 |  2.2
Fighting       | 1 2 |  2.0
Short Blades   | 1 2 |  2.0
Long Blades    | 1 2 |  2.0
Axes           | 1 2 |  2.0
Maces & Flails | 1 2 |  2.0
Polearms       | 1 2 |  2.0
Staves         | 1 2 |  2.0
Slings         | 1 2 |  2.0
Bows           | 1 2 |  2.0
Crossbows      | 1 2 |  2.0
Throwing       | 1 2 |  2.0
Armour         | 1 2 |  2.0
Shields        | 1 2 |  2.0
Unarmed Combat | 1 2 |  2.0
Evocations     | 1 2 |  2.0
Conjurations   | 1 |  1.6
Hexes          | 1 |  1.6
Summonings     | 1 |  1.6
Necromancy     | 1 |  1.6
Translocations | 1 |  1.6
Transmutations | 1 |  1.6
Fire Magic     | 1 |  1.6
Air Magic      | 1 |  1.6
Earth Magic    | 1 |  1.6
Poison Magic   | 1 |  1.6
Dodging        | 5 |  5.0
Stealth        | |  4.6
Ice Magic      | |  7.3

Action                   |  1- 3 |  4- 6 || total
-------------------------+-------+-------++-------
Melee: Short sword       |    27 |       ||    27
       Unarmed           |     1 |       ||     1
       Bite              |     2 |     9 ||    11
       Dagger            |     1 |    49 ||    50
       Falchion          |       |    75 ||    75
       Punch             |       |     1 ||     1
Throw: Boomerang         |       |     6 ||     6
 Cast: Freeze            |    34 |     3 ||    37
       Ozocubu's Armour  |       |     3 ||     3
       Frozen Ramparts   |       |     3 ||     3
  Use: Scroll            |     1 |       ||     1
 Stab: Sleeping          |     1 |     8 ||     9
       Distracted        |       |     2 ||     2
Armor: Robe              |    16 |    26 ||    42
Dodge: Dodged            |    55 |    91 ||   146

Table legend: (Time is in decaauts)
 A = Elapsed time spent in this place.
 B = Non-inter-level travel time spent in this place.
 C = Inter-level travel time spent in this place.
 D = Time resting spent in this place.
 E = Time spent auto-exploring this place.
 F = Levels seen in this place.
 G = Mean time per level.
                   A        B        C        D        E       F      G
               +--------+--------+--------+--------+--------+-----+--------+
         Total |   3571 |   3428 |    143 |      0 |   2870 |   4 |  892.8 |
       Dungeon |   3571 |   3428 |    143 |      0 |   2870 |   4 |  892.8 |
               +--------+--------+--------+--------+--------+-----+--------+

Top non-repeatable levels by time:
     D:3: 1468 daAuts
     D:2: 1186 daAuts
     D:1: 850 daAuts
     D:4: 66 daAuts
